 Dungeon Crawl Stone Soup version 0.27-a0-1060-gcb85b5eba1 (webtiles) character file.

Game seed: 13818158627927569461

375 sizableburger the Chucker (level 6, -12/43 HPs)
             Began as a Mummy Hunter on Apr 21, 2021.
             Was an Initiate of Hepliaklqana.
             Splashed by Pikel's acid (15 damage)
             ... on level 4 of the Dungeon.
             The game lasted 00:12:38 (6059 turns).

sizableburger the Chucker (Mummy Hunter)            Turns: 6059, Time: 00:12:39

Health: -12/43     AC:  3    Str: 18    XL:     6   Next: 44%
Magic:  8/8        EV: 11    Int: 10    God:    Hepliaklqana [......]
Gold:   293        SH:  0    Dex: 12    Spells: 5/7 levels left

rFire    x . .     SeeInvis .   g - +3 dagger
rCold    + . .     Faith    .   (no shield)
rNeg     + + +     Spirit   .   b - +0 leather armour
rPois    ∞         Reflect  .   (no helmet)
rElec    .         Harm     .   (no cloak)
rCorr    .         Rampage  .   (no gloves)
Will     .....                  (no boots)
Stlth    +.........             (no amulet)
HPRegen  0.14/turn              i - +4 ring of protection
MPRegen  0.11/turn              (no ring)

@: corroded
A: reduced essence, cold resistance 1, negative energy resistance 3, torment
resistance 2, unbreathing 1, heat vulnerability 1, no potions
a: Renounce Religion, Recall Ancestor, Ancestor Identity


You were on level 4 of the Dungeon.
You worshipped Hepliaklqana.
Hepliaklqana was noncommittal.
You visited 2 branches of the dungeon, and saw 5 of its levels.

You collected 293 gold pieces.

Inventory:

Hand Weapons
 g - a +3 dagger (weapon)
 h - a +0 hunting sling
Missiles
 c - 5 javelins
 f - 22 poisoned darts (quivered)
 j - 67 stones
Armour
 b - a +0 leather armour (worn)
 k - a +0 buckler
Jewellery
 i - a +4 ring of protection (left hand)
Scrolls
 a - a scroll of fear
 e - a scroll of immolation
 m - a scroll of enchant weapon
 n - a scroll of blinking {unknown}


   Skills:
 + Level 3.8 Fighting
 + Level 2.5 Short Blades
 - Level 4.1 Throwing
 - Level 1.5 Dodging
 - Level 0.7 Stealth
 + Level 0.2 Shields
 - Level 1.4 Spellcasting
 + Level 2.2 Summonings


You had 5 spell levels left.
You knew the following spells:

 Your Spells              Type           Power      Damage    Failure   Level
a - Call Imp              Summ           5%         N/A       24%         2

Your spell library contained the following spells:

 Spells                   Type           Power      Damage    Failure   Level
 Summon Small Mammal      Summ           20%        N/A       16%         1
 Freeze                   Ice            0%         1d3       36%         1
 Call Canine Familiar     Summ           5%         N/A       43%         3
 Summon Guardian Golem    Hex/Summ       2%         N/A       58%         3
 Frozen Ramparts          Ice            0%         1d2       75%         3
 Ozocubu's Armour         Ice            0%         N/A       75%         3
 Summon Ice Beast         Ice/Summ       2%         N/A       94%         4
 Summon Lightning Spire   Summ/Air       2%         N/A       94%         4
 Hailstorm                Conj/Ice       0%         3d3       98%         4
 Metabolic Englaciation   Hex/Ice        0%         N/A       100%        5


Dungeon Overview and Level Annotations

Branches:
Dungeon (4/15)             Temple (1/1) D:4

Altars:
Ashenzari
Cheibriados
Dithmenos
Elyvilon
Gozag
Hepliaklqana
Kikubaaqudgha
Makhleb
Nemelex Xobeh
Okawaru
Qazlal
Ru
Sif Muna
Trog
Uskayaw
Vehumet
Wu Jian
Xom
Yredelemnul
Zin
The Shining One

Shops:
D:2 (

Annotations:
D:4 Pikel


Innate Abilities, Weirdness & Mutations

Your life essence is reduced to manifest your ancestor. (-10% HP)
You are immune to poison.
Your flesh is cold resistant. (rC+)
You are immune to negative energy. (rN+++)
You are immune to unholy pain and torment.
You can survive without breathing.
You are vulnerable to heat. (rF-)
You do not drink.


Message History

You enter the shallow water.
Moving in this stuff is going to be slow.
You enter the shallow water.
Moving in this stuff is going to be slow.
Pikel shouts!
Pikel is nearby!
Throw: 24 darts (poison)
Press: ? - help, Q - select action, (/) - cycle Shift-Dir - straight line, f - Pikel
Aim: Pikel, wielding a +1 whip of flaming, wearing a +0 robe and carrying a wand of acid (8) (53% to hit)
You throw a poisoned dart. The poisoned dart closely misses Pikel.
Unknown command.
Throw: 23 darts (poison)
Press: ? - help, Q - select action, (/) - cycle Shift-Dir - straight line, f/p - Pikel
Aim: Pikel, wielding a +1 whip of flaming, wearing a +0 robe and carrying a wand of acid (8) (ally target, 53% to hit)
You throw a poisoned dart. The poisoned dart hits Pikel.
Pikel is poisoned.
Unknown command.
Aiming: Iceblast
Press: ? - help, Shift-Dir - straight line, p - Pikel The mass of ice explodes!
The iceblast engulfs Pikel!
Pikel is moderately wounded.
Biggus Dickus barely misses Pikel.
Pikel hits you with a +1 whip of flaming!
Pikel burns you.
Unknown command.
Aiming: Iceblast
Press: ? - help, Shift-Dir - straight line The mass of ice explodes!
The iceblast engulfs Pikel!
Pikel is severely wounded.
The now-empty wand crumbles to dust.
Biggus Dickus barely misses Pikel.
Pikel zaps a wand.
The bolt of acid hits you. The acid corrodes you!
You are splashed with acid!
Unknown command.
Biggus Dickus hits Pikel.
Pikel zaps a wand.
The bolt of acid hits Biggus Dickus!
Biggus Dickus is splashed with acid.
The acid corrodes Biggus Dickus!
Biggus Dickus is destroyed!
Pikel zaps a wand.
The bolt of acid hits you!
* * * LOW HITPOINT WARNING * * *
You are splashed with acid!
You die...

..#
###..##..#........#####
.## ##....##........#
## ###.####......(# #
#.####.......#
#...###......#
##.....##....##
#.......#....#
#.......(.####
#...@..K....######
#.#.......<...##.##
##.##.###..........#
#.##### ##.........#
#.# ##..........# ##.#
#...........# #..#
##...........# #.##
##............# #.#
#.............#


You could see Pikel (poisoned).

Vanquished Creatures
  A centaur (D:3)
  4 lemures (D:4)
  2 orc wizards (D:3)
  A hound skeleton (D:4)
  4 adders
  7 gnolls
  A worm (D:2)
  4 dart slugs
  6 orcs (D:3)
  6 endoplasms
  5 giant cockroaches
  5 goblins
  5 hobgoblins
  6 jackals (D:2)
  7 kobolds
  5 quokkas
  10 ball pythons
  4 bats
  5 frilled lizards
  8 rats
96 creatures vanquished.

Vanquished Creatures (collateral kills)
  An iguana (D:4)
1 creature vanquished.

Vanquished Creatures (others)
  2 ancestors (D:4)
  5 toadstools (D:4)
7 creatures vanquished.

Grand Total: 104 creatures vanquished

Notes
Turn   | Place    | Note
-------+----------+-------------------------------------------
     0 | D:1      | sizableburger the Mummy Hunter began the quest for the Orb.
     0 | D:1      | Reached XP level 1. HP: 16/16 MP: 1/1
   237 | D:1      | Reached XP level 2. HP: 13/22 MP: 2/2
   566 | D:1      | Reached skill level 1 in Spellcasting
   722 | D:1      | Reached skill level 1 in Short Blades
  1083 | D:1      | Reached XP level 3. HP: 26/28 MP: 5/5
  1170 | D:1      | Learned a level 2 spell: Call Imp
  2164 | D:2      | Found Qint's Weapon Boutique.
  2411 | D:3      | Reached XP level 4. HP: 34/34 MP: 6/6
  2414 | D:3      | Noticed a centaur
  3017 | D:3      | Killed a centaur
  3018 | D:3      | Reached skill level 1 in Summonings
  3018 | D:3      | Reached XP level 5. HP: 14/41 MP: 7/7
  3255 | D:3      | Found a faded altar of an unknown god.
  3497 | D:3      | Reached skill level 4 in Throwing
  4046 | D:4      | Reached XP level 6. HP: 38/47 MP: 8/8
  4714 | D:4      | Found a staircase to the Ecumenical Temple.
  4743 | Temple   | Entered the Ecumenical Temple
  5035 | Temple   | Became a worshipper of Hepliaklqana the Forgotten
  5534 | D:4      | Noticed Pikel
  6059 | D:4      | Splashed by Pikel's acid

Illustrated notes

Levels and vault maps discovered:
D:1:      shiori_arrival_maze, layout_basic
D:2:      layout_rooms, serial_shops, shop, chequers_serial_rivers_micro_b,
          grunt_ministairs_15
D:3:      minmay_angry_zag, layout_basic, hellmonk_ecumenical_altar_lost_god
D:4:      layout_cave_pods, minmay_temple_entry_water_ring,
          minmay_gold_behind_fungi, uniq_pikel
Temple:   roderic_octagonal_lattice_temple

Skill      XL: |  1  2  3  4  5  6 |
---------------+-------------------+-----
Spellcasting   | 1 |  1.4
Short Blades   | 1 2 |  2.5
Fighting       | 3 |  3.8
Summonings     | 1 2 |  2.2
Throwing       | 4 |  4.1
Dodging        | |  1.5
Stealth        | |  0.7
Shields        | |  0.2

Action                   |  1- 3 |  4- 6 || total
-------------------------+-------+-------++-------
Melee: Short sword       |    41 |       ||    41
       Dagger            |   180 |   188 ||   368
Throw: Javelin           |     9 |    23 ||    32
       Throwing net      |       |     3 ||     3
       Dart              |       |    19 ||    19
Invok: Ancestor Identity |       |     1 ||     1
Evoke: Wand              |       |     2 ||     2
  Use: Scroll            |       |    12 ||    12
Armor: Leather armour    |    76 |    75 ||   151
Dodge: Dodged            |   147 |   130 ||   277

Table legend: (Time is in decaauts)
 A = Elapsed time spent in this place.
 B = Non-inter-level travel time spent in this place.
 C = Inter-level travel time spent in this place.
 D = Time resting spent in this place.
 E = Time spent auto-exploring this place.
 F = Levels seen in this place.
 G = Mean time per level.
                   A        B        C        D        E       F      G
               +--------+--------+--------+--------+--------+-----+--------+
         Total |   6050 |   5305 |    745 |   1485 |   2802 |   5 | 1210.0 |
       Dungeon |   5736 |   5080 |    656 |   1485 |   2583 |   4 | 1434.0 |
        Temple |    313 |    224 |     89 |      0 |    219 |   1 |  313.0 |
               +--------+--------+--------+--------+--------+-----+--------+

Top non-repeatable levels by time:
     D:4: 1737 daAuts
     D:3: 1455 daAuts
     D:1: 1395 daAuts
     D:2: 1148 daAuts
  Temple: 313 daAuts
